 Dungeon Crawl Stone Soup version 0.27.1-34-g3ba077fa99 (webtiles) character file.

Game seed: 17882049278948180343

188 Goreval the Magician (level 5, -2/31 HPs)
             Began as an Octopode Hedge Wizard on Dec 21, 2021.
             Was a Follower of the Shining One.
             Slain by a scorpion (5 damage)
             ... on level 4 of the Dungeon on Jan 7, 2022.
             The game lasted 00:10:28 (3753 turns).

Goreval the Magician (Octopode Hedge Wizard)        Turns: 3753, Time: 00:10:29

Health: -2/31      AC:  1    Str:  9    XL:     5   Next: 67%
Magic:  3/10       EV: 13    Int: 18    God:    the Shining One [*.....]
Gold:   103        SH:  0    Dex: 11    Spells: 6/11 levels left

rFire    + . .     SeeInvis .   a - +0 dagger
rCold    x . .     Faith    .   (no shield)
rNeg     . . .     Spirit   .   b - +0 hat
rPois    .         Reflect  .   l - amulet of the acrobat
rElec    .         Harm     .   f - ring of fire
rCorr    .         Rampage  .   (no ring)
Will     .....                  (no ring)
Stlth    +.........             (no ring)
HPRegen  0.10/turn              (no ring)
MPRegen  0.12/turn              (no ring)
                                (no ring)
                                (no ring)

@: glowing
A: almost no armour, amphibious, 8 rings, camouflage 1, gelatinous body 1,
(nimble swimmer 1), tentacles
a: Renounce Religion


You were on level 4 of the Dungeon.
You worshipped the Shining One.
The Shining One was aware of your devotion.
You visited 1 branch of the dungeon, and saw 4 of its levels.

You collected 193 gold pieces.
You spent 90 gold pieces at shops.

Inventory:

Hand Weapons
 a - a +0 dagger (weapon)
Missiles
 e - 91 stones
Armour
 b - a +0 hat (worn)
Jewellery
 f - a ring of fire (left tentacle)
 h - an amulet of regeneration
 l - an amulet of the acrobat (around mantle)
Scrolls
 c - 2 scrolls of identify {unknown}
 g - a scroll of enchant weapon {unknown}
 i - a scroll of blinking {unknown}
 k - 2 scrolls of enchant armour
 o - a scroll of torment {unknown}
Potions
 d - a potion of invisibility {unknown}
 j - 3 potions of heal wounds {unknown}
 m - a potion of attraction {unknown}
 n - a potion of haste {unknown}
 p - a potion of brilliance {unknown}
 q - a potion of resistance {unknown}


   Skills:
 + Level 3.0 Dodging
 - Level 2.6 Stealth
 + Level 3.7 Spellcasting
 * Level 3.3 Conjurations
 + Level 2.4 Summonings
 - Level 1.0 Translocations


You had 6 spell levels left.
You knew the following spells:

 Your Spells              Type           Power      Damage    Failure   Level
a - Magic Dart            Conj           60%        1d6       3%          1
n - Blink                 Tloc           N/A        N/A       16%         2
z - Call Imp              Summ           12%        N/A       9%          2

Your spell library contained the following spells:

 Spells                   Type           Power      Damage    Failure   Level
 Static Discharge         Conj/Air       9%         N/A       12%         2
 Slow                     Hex            3%         N/A       22%         2
 Conjure Flame            Conj/Fire      14%        6-21      22%         3
 Mephitic Cloud           Conj/Pois/Air  7%         N/A       28%         3
 Lightning Bolt           Conj/Air       4%         1d16      91%         5
 Maxwell's Capacitive Co  Air            1%         ∞         100%        8


Dungeon Overview and Level Annotations

Branches:
Dungeon (4/15)
 Temple: D:4-7

Altars:
Sif Muna
Xom
The Shining One

Shops:
D:2 ![?


Innate Abilities, Weirdness & Mutations

You cannot wear most types of armour.
You are amphibious.
You can wear up to eight rings at the same time.
Your skin changes colour to match your surroundings (Stealth+).
Your rubbery body absorbs attacks. (AC +1, EV +1)
((You are camouflaged near water. (Stealth+)))
You have tentacles for arms and can constrict up to eight enemies at once.


Message History

You hit the scorpion but do no damage. Your grab misses the scorpion.
The scorpion stings you.
You hit the scorpion. Your grab misses the scorpion.
Your squeeze misses the scorpion. The scorpion stings you.
You hit the scorpion but do no damage. You grab the scorpion.
You constrict the scorpion. The scorpion stings you.
You hit the scorpion but do no damage.
You squeeze the scorpion, but do no damage.
You constrict the scorpion. The scorpion barely misses you.
The scorpion misses you.
You hit the scorpion but do no damage. You constrict the scorpion.
The scorpion stings you!
You hit the scorpion but do no damage. You constrict the scorpion.
The scorpion stings you.
* * * LOW HITPOINT WARNING * * *
You release your grip on the scorpion.
The scorpion misses you.
Here: a scorpion (moderately wounded, haloed)
The floor.
You blink.
Found a fuming black potion.
You blink.
You miscast Blink.
You are very lightly contaminated with residual magic.
Nothing appears to happen.
The scorpion closely misses you.
Unknown command.
You blink.
The scorpion closely misses you. The scorpion completely misses you.
The scorpion barely misses you.
An ogre comes into view. It is wielding a +0 giant club.
You see here a fuming black potion.
q - a fuming black potion The scorpion stings you!
* * * LOW HITPOINT WARNING * * *
Your magical contamination has completely faded away.
You barely miss the scorpion. You grab the scorpion.
You constrict the scorpion, but do no damage.
The scorpion stings you.
You die...

##.###.. ##.##
#.## #.## ##.#
##.## #.##
##.###..#
##.#.#.#
#..##.#
#.###.#######.#
#.....s@....O..
#############.#


You could see an ogre and a scorpion.

Vanquished Creatures
  A scorpion (D:4)
  A water moccasin zombie (D:4)
  An adder (D:3)
  An ufetubus (D:3)
  2 worms (D:3)
  A dart slug (D:1)
  3 orcs
  5 endoplasms (D:1)
  4 giant cockroaches
  7 goblins
  5 hobgoblins
  2 kobolds
  2 quokkas
  3 ball pythons
  9 bats
  2 frilled lizards (D:2)
  4 rats
53 creatures vanquished.

Notes
Turn   | Place    | Note
-------+----------+-------------------------------------------
     0 | D:1      | Goreval the Octopode Hedge Wizard began the quest for the
                  | Orb.
     0 | D:1      | Reached XP level 1. HP: 11/11 MP: 4/4
   234 | D:1      | Reached XP level 2. HP: 7/17 MP: 3/6
   427 | D:1      | Upgraded the game from 0.27.1-33-g824d729ab1 to
                  | 0.27.1-34-g3ba077fa99
   852 | D:1      | Reached XP level 3. HP: 21/21 MP: 7/7
  1159 | D:1      | Found a faded altar of an unknown god.
  1174 | D:1      | Learned a level 2 spell: Call Imp
  1177 | D:1      | Learned a level 2 spell: Blink
  1182 | D:1      | Became a worshipper of the Shining One
  1182 | D:1      | Reached * piety under the Shining One
  1400 | D:2      | Noticed an ogre
  1597 | D:2      | Found Haucit's Distillery.
  1702 | D:2      | Found Bulluacof's Magic Scroll Shop.
  1709 | D:2      | Bought a scroll of enchant armour for 90 gold pieces
  1808 | D:2      | Found Raedaj's Antique Armour Emporium.
  2797 | D:3      | Reached XP level 4. HP: 27/27 MP: 5/9
  3231 | D:4      | Reached XP level 5. HP: 12/31 MP: 6/10
  3477 | D:4      | Found a shimmering blue altar of Sif Muna.
  3479 | D:4      | Found a shimmering altar of Xom.
  3479 | D:4      | Noticed an ogre
  3750 | D:4      | Noticed an ogre
  3753 | D:4      | Slain by a scorpion

Illustrated notes

Levels and vault maps discovered:
D:1:      matt_arrival_refuge, layout_rooms, ebering_ecumenical_altar_box,
          minmay_door_square, serial_park_tiny_2, minmay_pentomino_v2
D:2:      layout_basic, serial_shops, shop, shop_fountains, shop,
          roderic_roman_lattice
D:3:      layout_basic
D:4:      layout_loops_ring, grunt_temple_overflow_open, hangedman_decor_lopped

Skill      XL: |  1  2  3  4  5 |
---------------+----------------+-----
Conjurations   | 2 3 |  3.3
Summonings     | 2 |  2.4
Dodging        | 3 |  3.0
Stealth        | |  2.6
Spellcasting   | |  3.7
Translocations | |  1.0

Action                   |  1- 3 |  4- 6 || total
-------------------------+-------+-------++-------
Melee: Dagger            |    67 |    31 ||    98
       Constrict         |    13 |     9 ||    22
       Tentacles         |     7 |     7 ||    14
 Cast: Magic Dart        |    49 |    29 ||    78
       Blink             |       |     3 ||     3
 Stab: Sleeping          |     8 |       ||     8
Armor: Skin              |     3 |       ||     3
Dodge: Dodged            |    27 |    35 ||    62
